 Dungeon Crawl Stone Soup version 0.28.0-53-g5a82cb258f (webtiles) character file.

Game seed: 7800887288159726112

32 Descartes the Sneak (level 3, -1/16 HPs)
             Began as a Spriggan Summoner on Aug 13, 2022.
             Succumbed to Crazy Yiuf's poison
             ... on level 2 of the Dungeon.
             The game lasted 00:06:04 (2823 turns).

Descartes the Sneak (Spriggan Summoner)             Turns: 2823, Time: 00:06:05

Health: -1/16      AC:  2    Str:  6    XL:     3   Next: 10%
Magic:  4/8        EV: 17    Int: 16    God:
Gold:   67         SH:  0    Dex: 15    Spells: 7/8 levels left

rFire   . . .      SeeInvis +   j - +0 dagger (venom)
rCold   . . .      Faith    .   (no shield)
rNeg    . . .      Spirit   .   a - +0 robe
rPois   .          Reflect  .   (helmet restricted)
rElec   .          Harm     .   (no cloak)
rCorr   .          Rampage  .   (gloves unavailable)
Will    .....                   (boots unavailable)
Stlth   ++........              (no amulet)
HPRegen 0.05/turn               (no ring)
MPRegen 0.11/turn               (no ring)

@: lethally poisoned (-1 -> -21), very quick
A: very small, no large weapons, unfitting armour, see invisible, speed 3
a: no special abilities


You were on level 2 of the Dungeon.
You visited 1 branch of the dungeon, and saw 2 of its levels.

You collected 67 gold pieces.

Inventory:

Hand Weapons
 j - a +0 dagger of venom (weapon)
Missiles
 h - 35 stones
Armour
 a - a +0 robe (worn)
Scrolls
 b - a scroll of teleportation {unknown}
 d - a scroll of immolation {unknown}
 e - 2 scrolls of enchant armour {unknown}
Potions
 f - 2 potions of brilliance {unknown}
 g - a potion of resistance {unknown}
 i - a potion of lignification {unknown}


   Skills:
 + Level 1.0 Short Blades
 + Level 3.2 Dodging
 + Level 3.6 Stealth
 + Level 3.1 Spellcasting
 + Level 0.1 Hexes
 + Level 3.4 Summonings
 + Level 0.0 Air Magic


You had 7 spell levels left.
You knew the following spells:

 Your Spells              Type           Power      Damage    Failure   Level
a - Summon Small Mammal   Summ           52%        N/A       4%          1

Your spell library contained the following spells:

 Spells                   Type           Power      Damage    Failure   Level
 Call Imp                 Summ           13%        N/A       7%          2
 Call Canine Familiar     Summ           13%        N/A       13%         3
 Summon Guardian Golem    Hex/Summ       8%         N/A       26%         3
 Summon Lightning Spire   Summ/Air       8%         N/A       65%         4


Dungeon Overview and Level Annotations

Branches:
Dungeon (2/15)

Altars:

Annotations:
D:2 Crazy Yiuf


Innate Abilities, Weirdness & Mutations

You are very small and have problems with some larger weapons.
You are too small for most types of armour.
You have supernaturally acute eyesight. (SInv)
You cover ground extremely quickly. (Speed+++)


Message History

Casting: Summon Small Mammal (safe; 4% risk of failure)
Confirm with . or Enter, or press ? or * to list all spells.
Crazy Yiuf says, "Cake ragdoll snail!"
Casting: Summon Small Mammal (safe; 4% risk of failure)
Confirm with . or Enter, or press ? or * to list all spells.
Your bat hits Crazy Yiuf. Crazy Yiuf barely misses your bat.
Your bat closely misses Crazy Yiuf.
Your bat hits Crazy Yiuf.
Your bat hits Crazy Yiuf but does no damage.
Something hits your quokka!
Your quokka dies!
Your quokka's corpse disappears in a puff of smoke!
Your bat hits Crazy Yiuf but does no damage.
Your bat hits Crazy Yiuf but does no damage.
Crazy Yiuf hits your bat with a +3 quarterstaff of chaos!
Your bat dies!
Your bat's corpse disappears in a puff of smoke!
Crazy Yiuf is nearby!
Crazy Yiuf is nearby!
Casting: Summon Small Mammal (safe; 4% risk of failure)
Confirm with . or Enter, or press ? or * to list all spells.
Casting: Summon Small Mammal (safe; 4% risk of failure)
Confirm with . or Enter, or press ? or * to list all spells.
Casting: Summon Small Mammal (safe; 4% risk of failure)
Confirm with . or Enter, or press ? or * to list all spells.
Your quokka disappears in a puff of smoke!
Casting: Summon Small Mammal (safe; 4% risk of failure)
Confirm with . or Enter, or press ? or * to list all spells.
Your rat disappears in a puff of smoke!
Crazy Yiuf whimpers, "Announcement pontify shrimp!"
Your quokka bites Crazy Yiuf.
Crazy Yiuf hits you with a +3 quarterstaff of chaos!
Ouch! That really hurt!
You are lethally poisoned!
You are too injured to fight recklessly!
You are too injured to fight recklessly!
* * * LOW HITPOINT WARNING * * *
You feel very sick.
Your quokka barely misses Crazy Yiuf.
Your rat bites Crazy Yiuf but does no damage.
You die...

...#.####.### #.....#####
♣....♣ ............# #.....#
♣...♣♣ .....####.### #.....#
♣♣.♣♣ .....# #.# #.....# ♣.♣♣
.....# #.# ###.....# ♣♣.♣
.....# #.# #..rg...# ♣g♣♣
.....# #.# #...r...# ♣♣.♣
.....# #.# #.......# #'#
.....# #.# #...@...# ...
###### #.# #.....#######
#...# #.# #.........#.# #..)#
#########.###.........#.#
#####
#...........#.........#.#
#.....................#<#####
#...........###.............#
#...........# #.............#
#......<....# #.............#


You could see Crazy Yiuf (ally target), a friendly quokka (summoned) and a
friendly rat (summoned).

Vanquished Creatures
  A worm (D:2)
  An endoplasm (D:1)
  3 goblins (D:1)
  4 hobgoblins
  A bat (D:1)
  2 rats (D:1)
12 creatures vanquished.

Vanquished Creatures (collateral kills)
  An orc (D:2)
  3 bats (D:1)
  An endoplasm (D:1)
  A giant cockroach (D:1)
  A goblin (D:2)
  2 hobgoblins (D:1)
  2 quokkas (D:1)
  A frilled lizard (D:1)
  A kobold (D:1)
13 creatures vanquished.

Grand Total: 25 creatures vanquished

Notes
Turn   | Place    | Note
-------+----------+-------------------------------------------
     0 | D:1      | Descartes the Spriggan Summoner began the quest for the
                  | Orb.
     0 | D:1      | Reached XP level 1. HP: 9/9 MP: 5/5
   557 | D:1      | Reached XP level 2. HP: 13/13 MP: 3/6
  1338 | D:1      | Found a faded altar of an unknown god.
  1340 | D:1      | Reached skill level 1 in Short Blades
  1806 | D:1      | Found a faded altar of an unknown god.
  2219 | D:2      | Reached XP level 3. HP: 8/16 MP: 6/8
  2781 | D:2      | Found a runed translucent door.
  2782 | D:2      | Noticed Crazy Yiuf
  2823 | D:2      | Succumbed to Crazy Yiuf's poison

Illustrated notes

Levels and vault maps discovered:
D:1:      matt_arrival_refuge, layout_basic, shapermc_ecumenical_altar_acropolis
D:2:      layout_basic, basic_altar, uniq_jessica, uniq_crazy_yiuf_cottage

Skill      XL: |  1  2 |
---------------+-------+-----
Dodging        | 3 |  3.2
Spellcasting   | 3 |  3.1
Short Blades   | 1 |  1.0
Stealth        | |  3.6
Hexes          | |  0.1
Summonings     | |  3.4

Action                   || total
-------------------------++-------
Melee: Short sword       ||    61
       Punch             ||     2
       Unarmed           ||     1
       Dagger            ||     1
 Cast: Summon Small Mamm ||    46
 Stab: Sleeping          ||     4
Armor: Robe              ||     7
Dodge: Dodged            ||    67
